 Dungeon Crawl Stone Soup version 0.29-a0-870-g2c972031a6 (webtiles) character file.

Game seed: 10877204863789943763

0 lesbiats the Conjurer (level 1, 0/10 HPs)
             Began as a Tengu Conjurer on July 17, 2022.
             Slain by a quokka (4 damage)
             ... on level 1 of the Dungeon.
             The game lasted 00:01:11 (100 turns).

lesbiats the Conjurer (Tengu Conjurer)               Turns: 100, Time: 00:01:12

Health: 0/10       AC:  2    Str:  7    XL:     1   Next: 10%
Magic:  1/4        EV: 12    Int: 18    God:
Gold:   0          SH:  0    Dex: 12    Spells: 3/4 levels left

rFire   . . .      SeeInvis .   (no weapon)
rCold   . . .      Faith    .   (no shield)
rNeg    . . .      Spirit   .   a - +0 robe
rPois   .          Reflect  .   (helmet restricted)
rElec   .          Harm     .   (no cloak)
rCorr   .          Rampage  .   (no gloves)
Will    .....                   (boots unavailable)
Stlth   ++........              (no amulet)
HPRegen 0.03/turn               (no ring)
MPRegen 0.09/turn               (no ring)

@: no status effects
A: beak, talons 3
a: no special abilities


You were on level 1 of the Dungeon.
You visited 1 branch of the dungeon, and saw 1 of its levels.

Inventory:

Armour
 a - a +0 robe (worn)
Scrolls
 d - a scroll of noise {unknown}
 f - 3 scrolls of vulnerability {unknown}
Potions
 b - a potion of magic
 c - a potion of curing {unknown}
 e - a potion of lignification {unknown}


   Skills:
 + Level 0.0 Fighting
 - Level 2.1 Dodging
 - Level 2.0 Stealth
 + Level 2.0 Spellcasting
 * Level 5.3 Conjurations


You had 3 spell levels left.
You knew the following spells:

 Your Spells              Type           Power      Damage    Failure   Level
a - Magic Dart            Conj           84%        1d7       1%          1

Your spell library contained the following spells:

 Spells                   Type           Power      Damage    Failure   Level
 Searing Ray              Conj           42%        2d6       3%          2
 Dazzling Flash           Conj/Hex       22%        N/A       19%         3
 Fulminant Prism          Conj/Hex       5%         3d7       52%         4
 Iskenderun's Mystic Bla  Conj/Tloc      11%        2d4       52%         4


Dungeon Overview and Level Annotations

Branches:
Dungeon (1/15)

Altars:


Innate Abilities, Weirdness & Mutations

You have a beak for a mouth.
You have claws for feet.


Message History

Aim: a kobold, wielding a +0 short sword (asleep, 100% to hit)
The magic dart hits the kobold.
The kobold is heavily wounded.
The kobold shouts!
A quokka comes into view.
Aiming: Magic Dart (safe; 1% risk of failure)
Press: ? - help, Q - select action Shift-Dir - straight line, f - quokka
Aim: a quokka (wandering, hasn't noticed you, 100% to hit)
The magic dart hits the quokka but does no damage.
Aiming: Magic Dart (safe; 1% risk of failure)
Press: ? - help, Q - select action Shift-Dir - straight line, f/p - quokka
Aim: a quokka (100% to hit)
The magic dart hits the quokka.
The quokka is almost dead.
A dart slug comes into view.
You hit the quokka but do no damage. You claw the quokka, but do no damage.
The quokka is almost dead.
The quokka barely misses you.
A hobgoblin comes into view.
You closely miss the quokka. Your peck misses the quokka.
Your punch misses the quokka.
The quokka is almost dead.
The quokka bites you. The quokka attacks as you move away!
The quokka misses you.
The quokka twitches its whiskers.
The quokka attacks as you move away! The quokka closely misses you.
The quokka bites you but does no damage.
The quokka attacks as you move away! The quokka bites you.
The quokka closely misses you.
There are no items here.
Aiming: Magic Dart (safe; 1% risk of failure)
Press: ? - help, Q - select action Shift-Dir - straight line, f/p - quokka
Aim: a quokka (almost dead, 100% to hit)
The magic dart hits the quokka but does no damage.
The quokka is almost dead.
The quokka bites you.
* * * LOW HITPOINT WARNING * * *
The kobold attacks as you move away! The kobold hits you but does no damage.
The quokka bites you.
You die...

........######<######
........# #.#.#.#.###
........# #.###.#.#..# ..
........# ## ######.# #.
##......# ## #.# ...
....#### ##.# #.# ....
...# #####.### ##.#
....###..#
#.......#####..#
##..w.#..# #....@# #....##
.........###g.##r####....#
..##.?.......K..........#
.........................#
#..#####.........####....#
#................# #....#
....[.............##....#
..............[...#######
#..............#....


You could see a quokka and a hobgoblin.

Vanquished Creatures
  A rat (D:1)
1 creature vanquished.

Notes
Turn   | Place    | Note
-------+----------+-------------------------------------------
     0 | D:1      | lesbiats the Tengu Conjurer began the quest for the Orb.
     0 | D:1      | Reached XP level 1. HP: 10/10 MP: 4/4
   100 | D:1      | Slain by a quokka

Illustrated notes

Levels and vault maps discovered:
D:1:      reono_arrival_mine, layout_rooms, serial_shops, shop,
          nicolae_square_shop, serial_glass, glass_columns_a, glass_columns_b

Action                   || total
-------------------------++-------
Melee: Unarmed           ||     2
       Kick              ||     1
 Cast: Magic Dart        ||     5
Armor: Robe              ||     2
Dodge: Dodged            ||     4

Table legend: (Time is in decaauts)
 A = Elapsed time spent in this place.
 B = Non-inter-level travel time spent in this place.
 C = Inter-level travel time spent in this place.
 D = Time resting spent in this place.
 E = Time spent auto-exploring this place.
 F = Levels seen in this place.
 G = Mean time per level.
                   A        B        C        D        E       F      G
               +--------+--------+--------+--------+--------+-----+--------+
         Total |    100 |     74 |     26 |     11 |     43 |   1 |  100.0 |
       Dungeon |    100 |     74 |     26 |     11 |     43 |   1 |  100.0 |
               +--------+--------+--------+--------+--------+-----+--------+

Top non-repeatable levels by time:
     D:1: 100 daAuts
